 Dungeon Crawl Stone Soup version 0.18-a0-1562-gac8da35 (webtiles) character file.

380 Tomstefer the Cudgeler (level 6, -1/85 HPs)
             Began as a Minotaur Berserker on Mar 13, 2016.
             Was a Priest of Trog.
             Slain by an ogre
             ... wielding a +0 giant spiked club
              (12 damage)
             ... on level 4 of the Dungeon.
             The game lasted 00:12:46 (2777 turns).

Tomstefer the Cudgeler (Minotaur Berserker)         Turns: 2777, Time: 00:12:47

Health: -1/85      AC:  5    Str: 26    XL:     6   Next: 46%
Magic:  0/14       EV: 12    Int:  4    God:    Trog [***...]
Gold:   268        SH:  0    Dex: 12    Spells: 0 memorised, 5 levels left

rFire  . . .     SeeInvis .     r - +0 whip
rCold  . . .     Gourm    .     u - +0 leather armour (curse)
rNeg   . . .     Faith    .     (no shield)
rPois  .         Spirit   +     (helmet restricted)
rElec  .         Dismiss  .     l - +1 cloak
rCorr  .         Reflect  .     (no gloves)
SustAt .         Harm     .     (no boots)
MR     .....                    d - amulet of guardian spirit
Stlth  ..........               (no ring)
                                k - ring of magical power

@: berserking (expiring), very quick, not resistant to hostile enchantments,
extremely unstealthy
A: retaliatory headbutt, horns 2
a: Berserk, Trog's Hand, Burn Spellbooks, Renounce Religion


You were on level 4 of the Dungeon.
You worshipped Trog.
Trog was most pleased with you.
You were hungry.

You visited 1 branch of the dungeon, and saw 4 of its levels.

You collected 268 gold pieces.

Inventory:

Hand Weapons
 a - a +0 mace
 r - a +0 whip (weapon)
Missiles
 j - 108 stones (quivered)
Armour
 b - a +0 animal skin
 l - a +1 cloak (worn)
 p - a +0 buckler
 t - a +0 scale mail
 u - a cursed +0 leather armour (worn)
Jewellery
 d - an amulet of guardian spirit (around neck)
 k - a ring of magical power (left hand)
Scrolls
 e - a scroll of fear {unknown}
 g - a scroll of enchant weapon {unknown}
 w - a scroll of identify
Potions
 f - a potion of mutation
 i - 3 potions of curing {unknown}
 m - a potion of invisibility
 n - a potion of resistance
 o - a potion of cure mutation {unknown}
 q - 2 potions of degeneration {unknown}
 s - a potion of lignification {unknown}
Comestibles
 c - 4 bread rations
 h - a beef jerky
 v - 8 chunks of flesh


   Skills:
 + Level 5.8 Fighting
 * Level 7.6 Maces & Flails
 - Level 2.4 Armour
 - Level 2.1 Dodging


You had 5 spell levels left.
You didn't know any spells.

Dungeon Overview and Level Annotations

Branches:
Dungeon (4/15)
 Temple: D:4-7

Altars:
Makhleb
Pakellas
Trog
The Shining One


Innate Abilities, Weirdness & Mutations

You reflexively headbutt those who attack you in melee.
You have a pair of horns on your head.


Message History

The howler monkey misses you.
You whack the orc priest!
You kill the orc priest!
Trog accepts your kill.
The ogre hits you with a giant spiked club!
* * * LOW HITPOINT WARNING * * *
The howler monkey barely misses you. x2
You see here a mace.
You barely miss the howler monkey.
The howler monkey is almost dead.
The howler monkey hits you but does no damage.
The howler monkey bites you.
* * * LOW HITPOINT WARNING * * *
You whack the howler monkey!
You kill the howler monkey!
Trog accepts your kill.
You barely miss the ogre. You headbutt the ogre!!
The ogre is severely wounded.
The ogre hits you with a giant spiked club!
You die...

## #### .........
.####..######+#.........
...+..........#........#
...#....>.....#........#
#..##.##..##..#........#
#..##.##..##..#..$.....#
......#...#...'........#
......#...#...#O†......#
......##..##..#)@......#
......##+###..#........#
..............#........#
..............+........+
#.....##..##.O#........#
#.....# ####..#.....!..#
#......# #........#
.......# #........#
.......#


You could see an ogre.

Vanquished Creatures
  A howler monkey (D:4)
  A hound (D:2)
  3 orc priests
  2 orc wizards
  3 gnolls (D:2)
  4 adders
  2 oozes
  A worm (D:2)
  2 dart slugs (D:1)
  3 giant geckos
  6 orcs
  6 bats
  3 giant cockroaches
  10 goblins
  11 hobgoblins
  3 jackals
  13 kobolds
  A quokka (D:3)
  3 ball pythons
  4 giant newts
  4 rats (D:1)
86 creatures vanquished.

Notes
Turn   | Place    | Note
--------------------------------------------------------------
     0 | D:1      | Tomstefer the Minotaur Berserker began the quest for the Orb.
     0 | D:1      | Reached XP level 1. HP: 19/19 MP: 0/0
   114 | D:1      | Reached skill level 4 in Maces & Flails
   218 | D:1      | Reached XP level 2. HP: 16/27 MP: 1/1
   529 | D:1      | Reached ** piety under Trog
   532 | D:1      | Reached XP level 3. HP: 33/33 MP: 2/2
   670 | D:1      | Reached skill level 5 in Maces & Flails
  1075 | D:2      | Reached XP level 4. HP: 31/41 MP: 3/3
  1340 | D:2      | Reached skill level 6 in Maces & Flails
  1507 | D:2      | Found a burning altar of Makhleb.
  1537 | D:2      | Reached XP level 5. HP: 43/47 MP: 4/4
  1731 | D:3      | Reached *** piety under Trog
  1731 | D:3      | Reached skill level 5 in Fighting
  1837 | D:3      | Found an oddly glowing altar of Pakellas.
  1838 | D:3      | Found a bloodstained altar of Trog.
  1896 | D:3      | Found a glowing golden altar of the Shining One.
  2127 | D:3      | Reached skill level 7 in Maces & Flails
  2127 | D:3      | Reached XP level 6. HP: 30/56 MP: 5/5
  2777 | D:4      | Slain by an ogre

Vault maps used:
D:1:      dpeg_arrival_pits, minmay_misc_feat_encased, hangedman_feature_mirror,
          st_stairs_9
D:2:      makhleb_blood_cavern_becter
D:3:      gammafunk_temple_overflow_statue, first_bread, st_stairs_1,
          nicolae_tso_swordbearing_angel
D:4:      zin_academy

Skill      XL: |  1  2  3  4  5 |
---------------+----------------+-----
Maces & Flails | 4 5 6 7 |  7.6
Fighting       | 4 5 |  5.8
Armour         | |  2.4
Dodging        | |  2.1

Action                   |  1- 3 |  4- 6 || total
-------------------------+-------+-------++-------
Melee: Mace              |    87 |     9 ||    96
       Whip              |       |   127 ||   127
Invok: Berserk           |     2 |     3 ||     5
  Use: Scroll            |       |     6 ||     6
 Stab: Sleeping          |     1 |       ||     1
  Eat: Chunk             |     3 |     7 ||    10
